AoeStats
← Alexspiration

MegaRandom

507988296Analyzed
4v4 RM · 13d ago on Sep 20, 2026· 46m 26s· 8 players
Game mode
Random Map
Map size
Large (8 player)
Population
200
Speed
Normal
Resources
Standard
Victory
Conquest
Starting age
Dark Age
Ending age
Imperial Age
RankedLock teamsTeams togetherTeam positionsShared explorationLock speedFull tech treeHidden civsTurbo modeCheats
Victory
Defeat
🇧🇷 Magyars · Brazil
1527
+12
🇹🇷 Vietnamese · Türkiye
1514
+12
🇩🇪 Lithuanians · Germany
1494
+13
🇧🇷 Dravidians · Brazil
1443
+15
🇨🇳 Britons · China
1540
-17
🇦🇺 Ethiopians · Australia
1396
-12
🇨🇳 Mongols · China
1390
-12
🇻🇳 Burgundians · Vietnam
1389
-11
SeiyaPegasus
10:27 Feudal Age
8:48 Loom
11:21 Double-Bit Axe
13:39 Fletching
17:05 Castle Age
16:25 Gold Mining
17:59 Medium Warships
18:37 Bodkin Arrow
21:50 Horse Collar
24:16 Bow Saw
24:14 Heavy Plow
26:47 Wheelbarrow
28:12 Hand Cart
29:48 Gold Shaft Mining
30:37 Ballistics
34:40 Imperial Age
31:59 Town Watch
32:28 Corvinian Army
32:43 Scale Barding Armor
32:59 Treadmill Crane
33:34 Careening
34:19 Chain Barding Armor
35:22 Stone Mining
35:01 Elite Magyar Huszar
36:02 Conscription
36:38 Plate Barding Armor
37:17 Bracer
39:23 Two-Man Saw
38:53 Bloodlines
38:44 Husbandry
40:33 Hoardings
41:27 Padded Archer Armor
42:28 Chemistry
42:35 Leather Archer Armor
43:06 Parthian Tactics
42:47 Thumb Ring
43:15 Heavy Cavalry Archer
43:58 Recurve Bow
45:01 Ring Archer Armor
Tex_T_Fode
11:20 Feudal Age
12:04 Double-Bit Axe
17:09 Castle Age
14:59 Horse Collar
15:26 Gold Mining
18:01 Medium Warships
18:06 Bow Saw
18:02 Heavy Plow
19:35 Loom
20:27 Wheelbarrow
24:17 Hand Cart
23:57 Stone Mining
27:42 Fishing Lines
28:20 Gillnets
32:25 Imperial Age
31:26 Scale Mail Armor
31:37 Forging
32:17 Squires
32:03 Gambesons
32:04 Arson
31:45 Man-at-Arms
33:42 Heavy Warships
33:47 Conscription
33:52 Wootz Steel
34:37 Long Swordsman
35:43 Two-Handed Swordsman
37:10 Chain Mail Armor
37:32 Iron Casting
36:29 Champion
38:37 Plate Mail Armor
40:10 Two-Man Saw
40:24 Blast Furnace
41:00 Scale Barding Armor
40:36 Elite Urumi Swordsman
45:21 Fletching
46:19 Bodkin Arrow
47:57 Chemistry
47:18 Ballistics
46:55 Murder Holes
47:12 Masonry
DaTuRa
11:02 Feudal Age
15:32 Castle Age
14:09 Fletching
14:20 Fishing Lines
14:30 Fishing Lines
15:34 Double-Bit Axe
15:40 Gold Mining
16:24 Bodkin Arrow
17:19 Loom
19:02 Bow Saw
20:18 Medium Warships
20:56 Padded Archer Armor
23:00 Leather Archer Armor
23:12 Ballistics
33:51 Imperial Age
35:34 Chemistry
38:15 Heavy Warships
39:45 Horse Collar
40:41 Elite Cannon Galleon
42:42 Bracer
42:24 Treadmill Crane
43:33 Gillnets
45:25 Paper Money
47:37 Wheelbarrow
47:03 Heavy Plow
48:03 Two-Man Saw
Alexspiration
6:05 Loom
10:53 Feudal Age
18:01 Castle Age
16:22 Double-Bit Axe
16:33 Horse Collar
20:06 Forging
21:04 Bloodlines
22:02 Town Watch
25:49 Scale Barding Armor
26:58 Wheelbarrow
29:30 Chain Barding Armor
30:22 Husbandry
32:27 Hand Cart
34:32 Iron Casting
34:24 Gold Mining
34:24 Stone Mining
40:38 Imperial Age
41:59 Plate Barding Armor
40:46 Cavalier
42:25 Conscription
43:20 Hoardings
43:26 Paladin
Cambo
11:04 Feudal Age
11:47 Double-Bit Axe
15:02 Castle Age
13:34 Padded Archer Armor
13:20 Fishing Lines
15:23 Fletching
16:04 Bodkin Arrow
15:57 Crossbowman
18:57 Horse Collar
21:24 Loom
22:58 Elite Skirmisher
26:25 Leather Archer Armor
27:24 Bow Saw
29:45 Wheelbarrow
29:54 Thumb Ring
29:55 Gold Mining
29:55 Stone Mining
31:49 Gold Shaft Mining
31:50 Stone Shaft Mining
35:31 Imperial Age
34:07 Hand Cart
34:29 Stone Shaft Mining
34:13 Town Watch
35:55 Capped Ram
37:45 Two-Man Saw
36:46 Heavy Plow
37:33 Medium Warships
37:13 Gillnets
36:48 Demolition Ship
37:46 Bracer
38:48 Chemistry
37:40 Heated Shot
38:11 Ballistics
37:32 Arbalester
40:51 Ring Archer Armor
41:50 Caravan
牛比无极限
10:18 Feudal Age
9:19 Loom
10:56 Double-Bit Axe
14:48 Wheelbarrow
14:48 Fletching
22:14 Castle Age
23:20 Medium Warships
23:09 Bodkin Arrow
23:36 Bow Saw
25:14 Ballistics
30:42 Hand Cart
30:31 Horse Collar
39:51 Imperial Age
37:33 Padded Archer Armor
40:55 Conscription
40:36 Nomads
39:56 Elite Mangudai
41:14 Thumb Ring
41:35 Parthian Tactics
41:22 Bloodlines
41:13 Husbandry
42:27 Chemistry
42:02 Bracer
42:17 Leather Archer Armor
43:06 Light Cavalry
45:33 Hussar
46:22 Scale Barding Armor
46:27 Forging
梅子雨
11:03 Feudal Age
12:01 Double-Bit Axe
15:04 Castle Age
13:27 Horse Collar
16:08 Medium Warships
16:40 Fletching
17:45 Bodkin Arrow
22:49 Gold Mining
27:17 Wheelbarrow
26:29 Loom
30:13 Heavy Plow
30:33 Careening
34:15 Imperial Age
32:18 Hand Cart
31:49 Loom
31:50 Town Watch
32:29 Ballistics
35:28 Heavy Warships
35:10 Bracer
36:20 Chemistry
35:44 Shipwright
35:39 Clinker Construction
35:54 Dry Dock
38:16 Clinker Construction
40:08 Conscription
Melodies of Life
3:40 Loom
5:16 Double-Bit Axe
9:26 Fishing Lines
12:17 Feudal Age
17:11 Castle Age
18:10 Medium Warships
18:39 Bow Saw
18:10 Horse Collar
20:43 Wheelbarrow
21:10 Two-Man Saw
19:51 Horse Collar
25:34 Heavy Plow
27:56 Scale Barding Armor
29:40 Forging
30:47 Hand Cart
32:33 Chain Barding Armor
33:11 Iron Casting
32:37 Husbandry
32:38 Light Cavalry
33:32 Town Watch
36:29 Burgundian Vineyards
36:47 Scale Mail Armor
37:39 Pikeman
38:05 Arson
38:33 Gold Mining
38:39 Fletching
39:14 Squires
42:10 Imperial Age
41:17 Chain Mail Armor
42:15 Halberdier
44:05 Flemish Revolution
Connection lost

Rejoining the realm…

Still unreachable

The connection could not be restored.

Session expired

The server has moved on; the page needs a fresh start.